 Dungeon Crawl Stone Soup version 0.28-a0-1235-g7c8fac35f0 (webtiles) character file.

Game seed: 11909070283111880887

64 ChaosChampion the Insei (level 4, -20/28 HPs)
             Began as an Octopode Transmuter on Dec 25, 2021.
             Demolished by an ogre (23 damage)
             ... on level 2 of the Dungeon.
             The game lasted 00:01:41 (2070 turns).

ChaosChampion the Insei (Octopode Transmuter)       Turns: 2070, Time: 00:01:42

Health: -20/28     AC:  1    Str:  9    XL:     4   Next: 12%
Magic:  7/7        EV: 13    Int: 17    God:
Gold:   55         SH:  0    Dex: 12    Spells: 1/7 levels left

rFire   . . .      SeeInvis .     - Unarmed
rCold   . . .      Faith    .   (no shield)
rNeg    . . .      Spirit   .   (helmet restricted)
rPois   .          Reflect  .   (no amulet)
rElec   .          Harm     .   (no ring)
rCorr   .          Rampage  .   (no ring)
Will    .....                   (no ring)
Stlth   ++........              (no ring)
HPRegen 0.09/turn               (no ring)
MPRegen 0.10/turn               (no ring)
                                (no ring)
                                (no ring)

@: no status effects
A: almost no armour, amphibious, 8 rings, camouflage 1, gelatinous body 1,
(nimble swimmer 1), tentacles
a: no special abilities


You were on level 2 of the Dungeon.
You visited 1 branch of the dungeon, and saw 2 of its levels.

You collected 55 gold pieces.

Inventory:

Jewellery
 c - an amulet of magic regeneration
 d - a +6 ring of dexterity
Scrolls
 b - a scroll of identify {unknown}
 e - a scroll of fear {unknown}
 f - a scroll of noise {unknown}
 g - a scroll of amnesia {unknown}
Potions
 a - a potion of mutation {unknown}
 h - a potion of flight {unknown}


   Skills:
 - Level 1.0 Fighting
 - Level 2.0 Dodging
 * Level 4.3 Unarmed Combat
 - Level 2.0 Spellcasting
 + Level 2.9 Transmutations


You had one spell level left.
You knew the following spells:

 Your Spells              Type           Power      Damage    Failure   Level
a - Beastly Appendage     Tmut           22%        N/A       6%          1
b - Wereblood             Tmut           11%        N/A       9%          2
c - Spider Form           Tmut/Pois      6%         N/A       32%         3

Your spell library contained the following spells:

 Spells                   Type           Power      Damage    Failure   Level
 Ice Form                 Ice/Tmut       6%         N/A       71%         4


Dungeon Overview and Level Annotations

Branches:
Dungeon (2/15)

Altars:

Shops:
D:2 ?


Innate Abilities, Weirdness & Mutations

You cannot wear most types of armour.
You are amphibious.
You can wear up to eight rings at the same time.
Your skin changes colour to match your surroundings (Stealth+).
Your rubbery body absorbs attacks. (AC +1, EV +1)
((You are camouflaged when in or above water. (Stealth+)))
You have tentacles for arms and can constrict up to eight enemies at once.


Message History

You open the door.
There is an open door here.
The ogre shouts!
An ogre is nearby!
An ogre is nearby!
An ogre is nearby!
Casting: Spider Form (extremely dangerous; 32% risk of failure)
Confirm with . or Enter, or press ? or * to list all spells.
The spell is extremely dangerous to miscast (32% risk of failure)!
Continue anyway?
You turn into a venomous arachnid creature.
The ogre hits you with a +0 giant club!!
Ouch! That really hurt!
* * * LOW HITPOINT WARNING * * *
Your transformation is almost over.
The hobgoblin shouts!
There is a stone staircase leading up here.
Your transformation has ended.
The kobold shouts!
There is a stone staircase leading up here.
The kobold throws a stone.
The stone hits you.
* * * LOW HITPOINT WARNING * * *
There is a stone staircase leading up here.
The kobold throws a stone.
The stone closely misses you.
The kobold throws a stone.
The stone closely misses you.
A goblin comes into view. It is wielding a +0 dagger.
The goblin shouts!
Okay, then.
You tentacle-slap the goblin but do no damage.
Your grab misses the goblin. The goblin hits you with a +0 dagger.
* * * LOW HITPOINT WARNING * * *
The ogre misses you.
You tentacle-slap the goblin. You grab the goblin.
The goblin is moderately wounded.
You constrict the goblin. The goblin hits you with a +0 dagger.
* * * LOW HITPOINT WARNING * * *
You tentacle-slap the goblin.
You kill the goblin!
The ogre hits you with a +0 giant club!!
Ouch! That really hurt!
You die...

### ## ## #######.##.#.## #.#
............... ..#
#######..#.#.# #.# .........#.#
#.# ######...#.# #.####### #
#...#.#.######.#...... #
#...#.#...)@OgK...# #
###..รท#.########....######.#.# #
#............................. #
#.##...............#######....
####.#.###.########.............K
'...............................#
####.#.###.##.........<..........
# #.#.#..............<..........
# #.#.#.#..#.#................##


You could see an ogre, a hobgoblin and a kobold.

Vanquished Creatures
  2 adders (D:2)
  A worm (D:2)
  3 ball pythons (D:1)
  2 bats (D:1)
  5 endoplasms
  4 giant cockroaches
  2 goblins
  4 hobgoblins (D:1)
  6 jackals
  2 kobolds
  2 quokkas
  A frilled lizard (D:1)
  3 rats (D:1)
37 creatures vanquished.

Notes
Turn   | Place    | Note
-------+----------+-------------------------------------------
     0 | D:1      | ChaosChampion the Octopode Transmuter began the quest for
                  | the Orb.
     0 | D:1      | Reached XP level 1. HP: 13/13 MP: 3/3
   293 | D:1      | Found a faded altar of an unknown god.
   309 | D:1      | Reached XP level 2. HP: 14/18 MP: 5/5
   823 | D:1      | Reached XP level 3. HP: 19/23 MP: 6/6
   927 | D:1      | Learned a level 2 spell: Wereblood
   931 | D:1      | Learned a level 3 spell: Spider Form
  1354 | D:2      | Reached skill level 4 in Unarmed Combat
  1437 | D:2      | Found Meoh's Magic Scroll Shoppe.
  1562 | D:2      | Reached XP level 4. HP: 27/28 MP: 7/7
  1625 | D:2      | Noticed an ogre
  2070 | D:2      | Demolished by an ogre

Illustrated notes

Levels and vault maps discovered:
D:1:      minmay_arrival_wavy_path, layout_basic,
          shapermc_ecumenical_altar_mp_highgroup
D:2:      layout_basic, serial_shops, shop, kennysheep_generic_room_5

Skill      XL: |  1  2  3 |
---------------+----------+-----
Unarmed Combat | 4 |  4.3
Fighting       | |  1.0
Dodging        | |  2.0
Spellcasting   | |  2.0
Transmutations | |  2.9

Action                   |  1- 3 |  4- 6 || total
-------------------------+-------+-------++-------
Melee: Unarmed           |    76 |    13 ||    89
       Constrict         |    17 |     2 ||    19
       Tentacles         |    13 |       ||    13
       Punch             |     1 |       ||     1
       Kick              |     3 |       ||     3
 Cast: Beastly Appendage |     3 |       ||     3
       Wereblood         |     3 |       ||     3
       Spider Form       |     1 |     2 ||     3
 Stab: Sleeping          |     5 |     1 ||     6
Armor: Skin              |     6 |     1 ||     7
Dodge: Dodged            |    42 |     8 ||    50

Table legend: (Time is in decaauts)
 A = Elapsed time spent in this place.
 B = Non-inter-level travel time spent in this place.
 C = Inter-level travel time spent in this place.
 D = Time resting spent in this place.
 E = Time spent auto-exploring this place.
 F = Levels seen in this place.
 G = Mean time per level.
                   A        B        C        D        E       F      G
               +--------+--------+--------+--------+--------+-----+--------+
         Total |   2064 |   2025 |     39 |    198 |   1488 |   2 | 1032.0 |
       Dungeon |   2064 |   2025 |     39 |    198 |   1488 |   2 | 1032.0 |
               +--------+--------+--------+--------+--------+-----+--------+

Top non-repeatable levels by time:
     D:1: 1558 daAuts
     D:2: 505 daAuts
